 Dungeon Crawl Stone Soup version 0.30-a0-394-g3e4acdb0ae (webtiles) character file.

Game seed: 307595701186894569

93 Depression the Grasshopper (level 4, 0/38 HPs)
             Began as a Draconian Warper on Dec 6, 2022.
             Killed from afar by an orc wizard (9 damage)
             ... with a puff of flame
             ... on level 3 of the Dungeon on Dec 7, 2022.
             The game lasted 00:12:21 (1618 turns).

Depression the Grasshopper (Draconian Warper)       Turns: 1618, Time: 00:12:22

Health: 0/38       AC:  5    Str: 14    XL:     4   Next: 37%
Magic:  6/7        EV: 12    Int: 15    God:
Gold:   88         SH:  0    Dex: 10    Spells: 2/7 levels left

rFire   . . .      SeeInvis .    f - +4 mace (protect)
rCold   . . .      Faith    .    (no shield)
rNeg    . . .      Spirit   .    (body armour unavailable)
rPois   .          Reflect  .    (helmet restricted)
rElec   .          Harm     .    (no cloak)
rCorr   .          Rampage  .    (no gloves)
Will    .....                    (no boots)
Stlth   +.........               (no amulet)
HPRegen 0.26/turn                (no ring)
MPRegen 0.10/turn                (no ring)

@: no status effects
A: AC +5, unfitting armour, cold-blooded
a: no special abilities


You were on level 3 of the Dungeon.
You visited 1 branch of the dungeon, and saw 4 of its levels.

You collected 88 gold pieces.

Inventory:

Hand Weapons
 a - a +0 falchion
 f - a +4 mace of protection (weapon)
 j - a +1 dagger of venom
Missiles
 c - 7 boomerangs of dispersal (quivered)
 i - 3 poisoned darts
 n - 5 atropa-tipped darts
Armour
 o - a +0 buckler
Scrolls
 b - 3 scrolls of blinking
 h - a scroll of magic mapping
Potions
 d - a potion of heal wounds {unknown}
 e - a potion of degeneration {unknown}
 k - a potion of mutation {unknown}
 m - a potion of resistance {unknown}
 p - a potion of curing {unknown}


   Skills:
 + Level 3.0 Fighting
 - Level 2.0 Long Blades
 - Level 1.0 Throwing
 - Level 3.0 Dodging
 - Level 2.0 Spellcasting
 + Level 4.0 Translocations
 - Level 1.0 Air Magic


You had 2 spell levels left.
You knew the following spells:

 Your Spells              Type           Power      Damage    Failure   Level
a - Blink                 Tloc           26%        N/A       6%          2
b - Vhi's Electric Charg  Tloc/Air       18%        N/A       24%         3

Your spell library contained the following spells:

 Spells                   Type           Power      Damage    Failure   Level
 Lesser Beckoning         Tloc           26%        N/A       13%         3
 Teleport Other           Tloc           13%        N/A       13%         3
 Manifold Assault         Tloc           13%        N/A       38%         4
 Conjure Ball Lightning   Conj/Air       1%         3x3d6     100%        6
 Discord                  Hex            0%         N/A       100%        8
 Disjunction              Tloc           6%         N/A       100%        8


Dungeon Overview and Level Annotations

Branches:
Dungeon (4/15) Zot: 22327
 Temple: D:4-7

Altars:

Annotations:
D:3 Grinder


Innate Abilities, Weirdness & Mutations

Your plain brown scales are hard. (AC +5)
You cannot fit into any form of body armour.
You are cold-blooded and may be slowed by cold attacks.


Message History

You hear some strange, mumbled words.
Something tries to affect you, but you resist.
You bump into the rock wall.
Something hits you but does no damage. Grinder misses you.
You bump into the rock wall.
Something barely misses you.
Grinder says, "Just stop there for a second..."
Grinder blinks!
You miss something. Something hits you but does no damage.
You bump into the rock wall.
Something hits you. Grinder gestures at you.
You suddenly lose the ability to move!
Something hits you but does no damage. Grinder gestures at you.
Pain shoots through your body!
You can move again.
You're too confused to move!
Something hits you.
* * * LOW HITPOINT WARNING * * *
You bump into the rock wall.
You feel less confused. Grinder barely misses you. Something hits you.
* * * LOW HITPOINT WARNING * * *
Cast which spell? (? or * to list)
You blink.
Grinder gestures at you. You resist with significant effort.
As you read the scroll labelled ARGHAE CASHRIGAN, it crumbles to dust.
It is a scroll of identify.
h - a scroll of magic mapping Grinder gestures at you.
Pain shoots through your body!
* * * LOW HITPOINT WARNING * * *
As you read the scroll labelled NUAPTO REUNUIFF, it crumbles to dust.
You assume a fearsome visage.
Grinder looks frightened!
It was a scroll of fear.
Grinder blinks!
Grinder blinks!
You feel stable enough to blink again.
A puff of flame appears from out of thin air!
The puff of flame hits you!
You die...

######
#....#################
#.##.......{o........#
#.####@#########..##.#
######## #.# #.# ##...#.#
.......# #.####.#
#......##
######.####......##
##....... #............#
##.#.#.. ######..####.#
#o#....
###########...###.#######
#.###.#
...............##.......#
#.# #.#
##########.##..########.#
#5# #.#


You could see an orc.

Vanquished Creatures
  An orc wizard (D:3)
  2 adders
  3 dart slugs
  4 orcs (D:3)
  4 bats
  3 endoplasms
  2 giant cockroaches
  A goblin (D:2)
  6 hobgoblins
  4 kobolds
  2 quokkas (D:2)
  3 ball pythons
  A frilled lizard (D:2)
  3 rats
39 creatures vanquished.

Notes
Turn   | Place    | Note
-------+----------+-------------------------------------------
     0 | D:1      | Depression the Draconian Warper began the quest for the
                  | Orb.
     0 | D:1      | Reached XP level 1. HP: 17/17 MP: 3/3
    27 | D:1      | Found a faded altar of an unknown god.
    38 | D:1      | Reached skill level 1 in Throwing
   177 | D:1      | Reached XP level 2. HP: 22/25 MP: 5/5
   680 | D:2      | Reached skill level 3 in Fighting
   688 | D:2      | Learned a level 2 spell: Blink
   819 | D:2      | Reached skill level 3 in Dodging
   819 | D:2      | Reached XP level 3. HP: 31/31 MP: 6/6
  1118 | D:2      | Learned a level 3 spell: Vhi's Electric Charge
  1441 | D:3      | Reached skill level 4 in Translocations
  1441 | D:3      | Reached skill level 1 in Air Magic
  1441 | D:3      | Reached XP level 4. HP: 22/38 MP: 7/7
  1533 | D:3      | Noticed Grinder
  1600 | D:3      | Paralysed by Grinder for 2 turns
  1605 | D:3      | HP: 6/38 [Grinder/nerve-wracking pain (8)]
  1618 | D:3      | Killed from afar by an orc wizard

Illustrated notes

Levels and vault maps discovered:
D:1:      dpeg_arrival_orchard, layout_loops_ring,
          shapermc_ecumenical_altar_mp_ritualfount, hangedman_decor_push
D:2:      layout_rooms, chequers_serial_rivers_marsh
D:3:      layout_loops_ring, nicolae_uskayaw_dance_hall,
          mainiacjoe_overflow_boulevard, uniq_grinder
D:4:      layout_basic, overflow_temple_1_default, grunt_decor_fettered,
          uniq_pikel, uniq_natasha

Skill      XL: |  1  2  3 |
---------------+----------+-----
Throwing       | 1 |  1.0
Fighting       | 3 |  3.0
Dodging        | 3 |  3.0
Translocations | 4 |  4.0
Air Magic      | 1 |  1.0
Long Blades    | |  2.0
Spellcasting   | |  2.0

Action                   |  1- 3 |  4- 6 || total
-------------------------+-------+-------++-------
Melee: Mace              |   110 |    10 ||   120
       Falchion          |     6 |       ||     6
       Tailslap          |     9 |       ||     9
 Cast: Blink             |       |     1 ||     1
  Use: Scroll            |       |     2 ||     2
Armor: Skin              |    46 |    17 ||    63
Dodge: Dodged            |    86 |    17 ||   103

Table legend: (Time is in decaauts)
 A = Elapsed time spent in this place.
 B = Non-inter-level travel time spent in this place.
 C = Inter-level travel time spent in this place.
 D = Time resting spent in this place.
 E = Time spent auto-exploring this place.
 F = Levels seen in this place.
 G = Mean time per level.
                   A        B        C        D        E       F      G
               +--------+--------+--------+--------+--------+-----+--------+
         Total |   1671 |   1609 |     62 |    115 |    570 |   4 |  417.8 |
       Dungeon |   1671 |   1609 |     62 |    115 |    570 |   4 |  417.8 |
               +--------+--------+--------+--------+--------+-----+--------+

Top non-repeatable levels by time:
     D:1: 682 daAuts
     D:2: 498 daAuts
     D:3: 449 daAuts
     D:4: 40 daAuts
